 Dungeon Crawl Stone Soup version 0.16-a0-4048-g245e628 (webtiles) character file.

324 timbw the Summoner (level 6, 24/24 HPs)
             Began as a Felid Summoner on Feb 19, 2015.
             Quit the game on level 8 of the Dungeon.
             The game lasted 00:14:17 (2406 turns).

timbw the Summoner (Felid Summoner)                 Turns: 2406, Time: 00:14:17

Health: 24/24      AC:  2    Str:  4    XL:     6   Next: 23%
Magic:  14/14      EV: 18    Int: 18    God:
Gold:   190        SH:  0    Dex: 17    Spells: 3 memorised, 3 levels left
                                        Lives:  1   Deaths: 1

rFire  . . .     SeeInvis +     (weapon unavailable)
rCold  . . .     Clarity  .     (armour unavailable)
rNeg   . . .     SustAb   .     (shield unavailable)
rPois  .         Gourm    .     (helmet unavailable)
rElec  .         Spirit   .     (cloak unavailable)
rCorr  .         Warding  .     (gloves unavailable)
rMut   .         Stasis   .     (boots unavailable)
MR     .....                    o - amulet of inaccuracy (curse)
Stlth  +++.......               (no ring)
                                (no ring)

@: quick, not resistant to hostile enchantments, fairly stealthy
A: paw claws, no armour, no weapons or thrown items, fangs 3, see invisible,
carnivore 3, speed 1, shaggy fur 2, slow metabolism 1, sharp paws
a: no special abilities


You were on level 8 of the Dungeon.
You were not hungry.

You visited 2 branches of the dungeon, and saw 9 of its levels.
You also visited: Sewer.

You collected 190 gold pieces.

Inventory:

Jewellery
 o - a cursed amulet of inaccuracy (around neck)
Magical devices
 m - a wand of draining (2)
Scrolls
 d - a scroll of remove curse {unknown}
 e - a scroll of random uselessness
 f - 2 scrolls of teleportation {unknown}
 g - 2 scrolls of identify {unknown}
 h - a scroll of amnesia {unknown}
 k - a scroll of fear {unknown}
 n - a scroll of enchant weapon {unknown}
Potions
 a - a potion of restore abilities {unknown}
 i - 2 potions of heal wounds {unknown}
 j - a potion of poison {unknown}
 l - a potion of curing {unknown}
Books
 b - a book of Callings

   Spells                             Type                      Level
   a - Summon Small Mammal            Summoning                    1
   b - Call Imp                       Summoning                    2
   c - Call Canine Familiar           Summoning                    3
   d - Summon Guardian Golem          Hexes/Summoning              4
   e - Summon Lightning Spire         Summoning/Air                4
   f - Summon Ice Beast               Ice/Summoning                4
Comestibles
 c - 3 meat rations


   Skills:
 - Level 2.6 Dodging
 - Level 2.6 Stealth
 - Level 2.0 Spellcasting
 + Level 8.9 Summonings


You had 3 spell levels left.
You knew the following spells:

 Your Spells              Type           Power        Failure   Level  Hunger
a - Summon Small Mammal   Summ           ####         1%          1    #......
b - Call Imp              Summ           ####....     1%          2    ###....
c - Call Canine Familiar  Summ           ####....     1%          3    ###....


Dungeon Overview and Level Annotations

Branches:
Dungeon (8/15)             Temple (1/1) D:5
   Lair: D:8-11

Altars:
Cheibriados
Dithmenos
Elyvilon
Fedhas
Kikubaaqudgha
Makhleb
Nemelex Xobeh
Okawaru
Qazlal
Trog
Vehumet
Xom
Zin
The Shining One

Annotations:
D:2 Sigmund
D:4 Dowan, Duvessa


Innate Abilities, Weirdness & Mutations

You cannot wear armour.
You are incapable of wielding weapons or throwing items.
You have razor-sharp teeth.
You have supernaturally acute eyesight.
You are carnivorous and can eat meat at any time.
You cover ground quickly.
You are covered in thick fur (AC +2).
You have a slow metabolism.
Your paws have sharp claws that are effective at stabbing.


Message History

As you open the door, it creaks loudly!
A centaur comes into view.
The centaur shouts!
The centaur wields a shortbow.
The centaur shoots an arrow.
The arrow misses you.
Found a plate armour.
A phantom comes into view.
The phantom blinks!
The centaur shoots an arrow.
The arrow hits you!
There is an open door here.
You see here an arrow.
There's something blocking the doorway.
The centaur shoots an arrow.
The arrow hits you!
You see here an arrow.
The centaur shoots an arrow.
The arrow misses you.
The centaur shoots an arrow.
The arrow hits you!!
Ouch! That really hurt!
You die...
You are now level 6!
You rejoin the land of the living...
Are you sure you want to abandon this character and quit the game? (Confirm with "yes".)

#.# #.#.###.##.##.##.# #c#
#. ...#....<...#.# #.#
#.###.###......#.# #.#
#...#.....#....#.# #c#
#.##..######5.#.# . #@#
#..%..#.#$....#.# . #.###
#.......#.##..#.#.#
.@..... #.......#h##..#.#.
#..##....#....@..#.##..#.#
#... ##.........#.....#.#
#..# #........#...#...#.#
#..# #.##.##......#.....#
#..# #.##.......#.#...###
...# # #........####.## #.
#.#......# #@# .#.#
#.#...#...# #.#
.#.#.#.#.#.#######.#


There were no monsters in sight!

Vanquished Creatures
  A black bear (D:8)
  A centaur skeleton (D:4)
  A giant frog skeleton (D:4)
  Jessica (D:2)
  A ball python (Sewer)
  3 giant cockroaches
  3 goblins
  2 hobgoblins
  A kobold (D:2)
  A giant gecko (Sewer)
  A giant newt (Sewer)
  A quokka skeleton (D:8)
  5 rats
22 creatures vanquished.

Vanquished Creatures (collateral kills)
  Edmund (D:8)
  An ice beast (D:6)
  A water moccasin (D:6)
  A centaur (D:8)
  An ogre (D:4)
  2 giant frogs
  A crimson imp (D:6)
  A hound (D:4)
  2 worker ants (D:4)
  2 orc wizards (D:7)
  A worker ant zombie (D:7)
  2 adders
  A giant mite (Sewer)
  3 worms (D:3)
  An adder skeleton (D:4)
  3 giant geckos
  An orc (D:7)
  2 ball pythons
  4 bats
  6 giant cockroaches (Sewer)
  5 hobgoblins
  2 jackals (D:3)
  4 kobolds (D:7)
  A quokka (D:6)
  2 giant newts
  A goblin (D:1)
  6 rats
58 creatures vanquished.

Vanquished Creatures (others)
  7 crimson imps
  13 hounds
  3 white imps
  4 shadow imps
  An ooze (D:2)
  A hobgoblin (D:2)
  A quokka (D:2)
  2 bats (D:2)
  4 rats
36 creatures vanquished.

Grand Total: 116 creatures vanquished

Notes
Turn   | Place    | Note
--------------------------------------------------------------
     0 | D:1      | timbw, the Felid Summoner, began the quest for the Orb.
     0 | D:1      | Reached XP level 1. HP: 7/7 MP: 4/4
   188 | D:2      | Noticed Jessica
   197 | D:2      | Killed Jessica
   197 | D:2      | Reached XP level 2. HP: 7/11 MP: 0/5
   319 | D:2      | Learned a level 2 spell: Call Imp
   484 | D:2      | Found a radiant altar of Vehumet.
   506 | D:2      | Noticed Sigmund
   583 | D:3      | Reached skill level 5 in Summonings
   583 | D:3      | Reached XP level 3. HP: 7/14 MP: 0/8
   786 | D:4      | Learned a level 3 spell: Call Canine Familiar
   826 | D:4      | Noticed a phantom
   859 | D:4      | Noticed Duvessa
   861 | D:4      | Noticed Dowan
   971 | D:4      | Reached XP level 4. HP: 14/18 MP: 1/10
  1051 | D:4      | Reached skill level 6 in Summonings
  1057 | D:4      | Noticed an ogre
  1110 | D:4      | Killed an ogre
  1110 | D:4      | Reached XP level 5. HP: 17/21 MP: 0/12
  1150 | D:4      | Found a glowing drain.
  1160 | Sewer    | Entered a sewer
  1452 | Sewer    | Reached skill level 7 in Summonings
  1547 | D:5      | Entered Level 5 of the Dungeon
  1589 | D:5      | Found a staircase to the Ecumenical Temple.
  1595 | Temple   | Entered the Ecumenical Temple
  1650 | D:6      | Noticed a sky beast
  1650 | D:6      | Noticed an ice beast
  1671 | D:6      | Killed an ice beast
  1671 | D:6      | Gained mutation: You are covered in thick fur (AC +2). [growing up]
  1671 | D:6      | Reached XP level 6. HP: 24/24 MP: 3/14
  1679 | D:6      | Noticed a centaur
  1713 | D:6      | Found a burning altar of Makhleb.
  1713 | D:6      | Found a shimmering altar of Xom.
  1713 | D:6      | Found a glowing silver altar of Zin.
  1769 | D:6      | Found an ancient bone altar of Kikubaaqudgha.
  1790 | D:6      | Noticed a water moccasin
  1813 | D:6      | Killed a water moccasin
  1858 | D:6      | Found a snail-covered altar of Cheibriados.
  1996 | D:7      | Reached skill level 8 in Summonings
  2200 | D:8      | Noticed Edmund
  2334 | D:8      | Reached XP level 7. HP: 23/27 MP: 1/17
  2340 | D:8      | Killed Edmund
  2405 | D:8      | Shot with an arrow by a centaur
  2406 | D:8      | Reached XP level 6. HP: -7/24 MP: 7/14
  2406 | D:8      | Quit the game

Action                   |  1- 3 |  4- 6 |  7- 9 || total
-------------------------+-------+-------+-------++-------
Melee: Unarmed           |    34 |    71 |       ||   105
 Cast: Summon Small Mamm |    11 |     2 |       ||    13
       Call Imp          |    22 |    36 |     1 ||    59
       Call Canine Famil |     2 |    23 |       ||    25
Evoke: Wand              |       |     2 |     1 ||     3
  Use: Scroll            |       |     3 |       ||     3
 Stab: Sleeping          |     2 |     3 |       ||     5
       Distracted        |     1 |     4 |       ||     5
  Eat: Chunk             |     9 |     4 |     1 ||    14
